[ AOE2 MATCH · #458030868 ]
UnrankedGurjaras vs Ethiopians
[ REPLAY ANALYSIS · EXTRACTED FROM THE RECORDED GAME ]
Feudal
11:27
Castle
19:07
Imperial
36:05
| APM avg | 21.6 |
| APM peak | 67 |
| eAPM avg | 16.3 |
| Villagers / military | 125 / 206 |
Focus
⚔️ 43.1% · 🌾 56.9%
Camel Scout ×100 · Shrivamsha Rider ×95 · Trebuchet (Packed) ×9 · Monk ×2
Feudal
—
Castle
—
Imperial
—
| APM avg | 27.0 |
| APM peak | 71 |
| eAPM avg | 17.3 |
| Villagers / military | 152 / 31 |
Focus
⚔️ 25.7% · 🌾 74.3%
Unknown (882) ×102 · Genoese Crossbowman ×18 · Mangonel ×5 · Trebuchet (Packed) ×5 · Monk ×2 · Spearman ×1
Feudal
13:01
Castle
18:13
Imperial
22:33
| APM avg | 19.7 |
| APM peak | 40 |
| eAPM avg | 11.1 |
| Villagers / military | 132 / 68 |
Focus
⚔️ 16.1% · 🌾 83.9%
Scorpion ×53 · Bombard Cannon ×14 · Monk ×1
Feudal
11:32
Castle
25:08
Imperial
31:43
| APM avg | 20.9 |
| APM peak | 46 |
| eAPM avg | 12.1 |
| Villagers / military | 113 / 254 |
Focus
⚔️ 34.3% · 🌾 65.7%
Scout Cavalry ×153 · Kipchak ×101 · Unknown (1260) ×12
Feudal
10:21
Castle
17:00
Imperial
33:23
| APM avg | 13.1 |
| APM peak | 27 |
| eAPM avg | 9.9 |
| Villagers / military | 101 / 94 |
Focus
⚔️ 19.2% · 🌾 80.8%
Scorpion ×48 · Spearman ×46
Feudal
11:32
Castle
15:04
Imperial
29:50
| APM avg | 35.7 |
| APM peak | 97 |
| eAPM avg | 15.6 |
| Villagers / military | 132 / 120 |
Focus
⚔️ 24.8% · 🌾 75.2%
Conquistador ×57 · Scout Cavalry ×52 · Trebuchet (Packed) ×6 · Bombard Cannon ×5 · Unknown (1260) ×5
Match map
Initial resources + every placement click. Lines = walls · curves = elevation contours. ◆ gold · ⬟ stone · ● berries · ✦ relic · ◌ wall gap
Inputs per minute
— Brainface - - Gatoman#9478
Build order — Brainface
First 150 of 457 actions detected
| 0:01 | Create | Villager (Male) |
| 0:02 | Create | Villager (Male) |
| 0:02 | Create | Villager (Male) |
| 0:02 | Create | Villager (Male) |
| 0:02 | Create | Villager (Male) |
| 0:04 | Build | House |
| 0:05 | Build | House |
| 0:12 | Build | Mill |
| 1:40 | Create | Villager (Male) |
| 2:04 | Research | Loom |
| 2:25 | Create | Villager (Male) |
| 2:39 | Build | Lumber Camp |
| 2:48 | Create | Villager (Male) |
| 3:21 | Create | Villager (Male) |
| 3:43 | Create | Villager (Male) |
| 3:53 | Create | Villager (Male) |
| 3:55 | Build | House |
| 4:22 | Create | Villager (Male) |
| 4:36 | Create | Villager (Male) |
| 5:04 | Build | House |
| 5:12 | Create | Villager (Male) |
| 5:57 | Create | Villager (Male) |
| 5:58 | Create | Villager (Male) |
| 5:58 | Create | Villager (Male) |
| 6:04 | Create | Villager (Male) |
| 6:19 | Create | Villager (Male) |
| 6:50 | Build | Farm |
| 6:51 | Create | Villager (Male) |
| 7:04 | Build | House |
| 7:30 | Create | Villager (Male) |
| 7:43 | Build | Farm |
| 7:44 | Create | Villager (Male) |
| 8:16 | Build | Farm |
| 8:20 | Build | Farm |
| 8:25 | Create | Villager (Male) |
| 8:43 | Build | Mining Camp |
| 8:56 | Research | Feudal Age |
| 8:56 | Research | Feudal Age |
| 9:21 | Create | Villager (Male) |
| 9:26 | Build | House |
| 9:40 | Build | Barracks |
| 9:44 | Create | Villager (Male) |
| 9:45 | Create | Villager (Male) |
| 10:24 | Build | Farm |
| 11:27 | Age | Feudal Age |
| 11:31 | Build | Stable |
| 11:34 | Create | Villager (Male) |
| 11:34 | Create | Villager (Male) |
| 11:35 | Create | Villager (Male) |
| 11:40 | Research | Double-Bit Axe |
| 11:48 | Research | Horse Collar |
| 11:57 | Build | Farm |
| 12:19 | Create | Villager (Male) |
| 12:23 | Build | Farm |
| 12:38 | Research | Bloodlines |
| 12:44 | Build | Blacksmith |
| 12:54 | Create | Villager (Male) |
| 12:57 | Build | Farm |
| 13:18 | Create | Villager (Male) |
| 13:36 | Build | Farm |
| 14:07 | Build | House |
| 14:10 | Create | Villager (Male) |
| 14:22 | Build | Farm |
| 14:35 | Build | Stable |
| 14:40 | Create | Villager (Male) |
| 14:54 | Create | Villager (Male) |
| 14:58 | Build | Farm |
| 15:11 | Create | Villager (Male) |
| 15:21 | Build | Farm |
| 15:42 | Build | Farm |
| 15:45 | Build | Farm |
| 15:52 | Create | Villager (Male) |
| 15:56 | Build | Farm |
| 16:08 | Build | House |
| 16:21 | Research | Castle Age |
| 16:42 | Create | Camel Scout |
| 16:43 | Create | Camel Scout |
| 16:57 | Build | Stable |
| 16:59 | Create | Camel Scout |
| 17:18 | Build | House |
| 17:22 | Create | Camel Scout |
| 17:22 | Create | Camel Scout |
| 17:26 | Create | Villager (Male) |
| 17:41 | Create | Camel Scout |
| 17:53 | Build | House |
| 18:02 | Research | Scale Barding Armor |
| 18:11 | Create | Villager (Male) |
| 18:15 | Build | Farm |
| 18:16 | Build | Farm |
| 18:33 | Create | Camel Scout |
| 18:33 | Create | Camel Scout |
| 18:47 | Build | Farm |
| 19:07 | Age | Castle Age |
| 19:10 | Build | Town Center |
| 19:12 | Create | Villager (Male) |
| 19:13 | Create | Villager (Male) |
| 19:24 | Build | Siege Workshop |
| 19:32 | Research | Husbandry |
| 19:37 | Create | Villager (Male) |
| 20:04 | Build | Monastery |
| 20:16 | Create | Villager (Male) |
| 20:16 | Create | Villager (Male) |
| 20:16 | Create | Villager (Male) |
| 20:50 | Create | Monk |
| 20:53 | Create | Villager (Male) |
| 20:54 | Create | Villager (Male) |
| 20:55 | Create | Villager (Male) |
| 20:55 | Create | Villager (Male) |
| 20:56 | Create | Villager (Male) |
| 20:56 | Create | Villager (Male) |
| 20:56 | Create | Villager (Male) |
| 21:12 | Build | Mining Camp |
| 21:23 | Create | Villager (Male) |
| 21:23 | Create | Villager (Male) |
| 21:24 | Create | Villager (Male) |
| 21:42 | Create | Monk |
| 21:44 | Create | Villager (Male) |
| 21:45 | Create | Villager (Male) |
| 21:56 | Create | Villager (Male) |
| 21:56 | Create | Villager (Male) |
| 22:05 | Build | Town Center |
| 22:10 | Create | Camel Scout |
| 22:11 | Create | Camel Scout |
| 22:11 | Create | Camel Scout |
| 22:16 | Build | House |
| 22:16 | Build | House |
| 22:27 | Research | Bow Saw |
| 22:27 | Research | Bow Saw |
| 22:29 | Research | Gold Mining |
| 22:54 | Research | Forging |
| 23:11 | Create | Camel Scout |
| 23:12 | Create | Camel Scout |
| 23:12 | Create | Camel Scout |
| 23:18 | Build | House |
| 23:19 | Build | House |
| 23:35 | Create | Shrivamsha Rider |
| 23:36 | Create | Shrivamsha Rider |
| 23:44 | Build | Mining Camp |
| 23:46 | Create | Villager (Male) |
| 23:47 | Create | Villager (Male) |
| 23:47 | Create | Villager (Male) |
| 24:04 | Create | Shrivamsha Rider |
| 24:04 | Create | Shrivamsha Rider |
| 24:19 | Create | Villager (Male) |
| 24:20 | Create | Villager (Male) |
| 24:27 | Build | Farm |
| 24:27 | Build | Farm |
| 24:47 | Create | Villager (Male) |
| 24:47 | Create | Villager (Male) |
| 24:48 | Create | Villager (Male) |
Build order — Gatoman#9478
First 150 of 402 actions detected
| 0:02 | Create | Villager (Male) |
| 0:02 | Create | Villager (Male) |
| 0:02 | Create | Villager (Male) |
| 0:02 | Create | Villager (Male) |
| 0:02 | Create | Villager (Male) |
| 0:04 | Build | House |
| 0:05 | Build | House |
| 0:42 | Research | Loom |
| 0:45 | Create | Villager (Male) |
| 0:46 | Create | Villager (Male) |
| 1:59 | Create | Villager (Male) |
| 1:59 | Create | Villager (Male) |
| 2:15 | Build | Lumber Camp |
| 3:25 | Create | Villager (Male) |
| 3:25 | Create | Villager (Male) |
| 4:23 | Create | Villager (Male) |
| 4:24 | Create | Villager (Male) |
| 4:24 | Create | Villager (Male) |
| 4:29 | Create | Villager (Male) |
| 4:29 | Create | Villager (Male) |
| 4:29 | Create | Villager (Male) |
| 5:18 | Build | House |
| 5:19 | Build | House |
| 5:52 | Create | Villager (Male) |
| 5:53 | Create | Villager (Male) |
| 5:53 | Create | Villager (Male) |
| 5:53 | Create | Villager (Male) |
| 6:05 | Create | Villager (Male) |
| 6:44 | Build | House |
| 6:53 | Create | Villager (Male) |
| 6:53 | Create | Villager (Male) |
| 7:18 | Create | Villager (Male) |
| 7:19 | Create | Villager (Male) |
| 7:28 | Build | Mill |
| 7:38 | Build | Mill |
| 7:43 | Create | Villager (Male) |
| 7:43 | Create | Villager (Male) |
| 7:43 | Create | Villager (Male) |
| 8:18 | Create | Villager (Male) |
| 8:18 | Create | Villager (Male) |
| 8:19 | Create | Villager (Male) |
| 8:43 | Build | Mining Camp |
| 9:24 | Create | Villager (Male) |
| 9:25 | Create | Villager (Male) |
| 9:25 | Create | Villager (Male) |
| 9:25 | Create | Villager (Male) |
| 9:25 | Create | Villager (Male) |
| 9:26 | Create | Villager (Male) |
| 9:26 | Create | Villager (Male) |
| 9:47 | Create | Villager (Male) |
| 9:47 | Create | Villager (Male) |
| 9:48 | Create | Villager (Male) |
| 9:59 | Create | Villager (Male) |
| 10:00 | Create | Villager (Male) |
| 10:00 | Create | Villager (Male) |
| 10:00 | Create | Villager (Male) |
| 10:20 | Research | Feudal Age |
| 11:31 | Build | House |
| 11:33 | Build | House |
| 11:37 | Build | House |
| 11:38 | Build | House |
| 11:40 | Build | House |
| 12:05 | Build | Farm |
| 12:05 | Build | Farm |
| 12:06 | Build | Farm |
| 12:45 | Create | Villager (Male) |
| 12:45 | Create | Villager (Male) |
| 13:15 | Build | House |
| 13:44 | Build | Market |
| 13:47 | Build | Blacksmith |
| 14:24 | Build | House |
| 14:27 | Build | House |
| 14:28 | Build | House |
| 14:43 | Research | Castle Age |
| 14:44 | Research | Castle Age |
| 14:56 | Build | Barracks |
| 15:41 | Build | Farm |
| 15:44 | Build | Farm |
| 15:46 | Build | Farm |
| 15:51 | Research | Double-Bit Axe |
| 16:13 | Build | Farm |
| 16:19 | Create | Villager (Male) |
| 16:19 | Create | Villager (Male) |
| 16:20 | Create | Villager (Male) |
| 16:20 | Create | Villager (Male) |
| 16:20 | Create | Villager (Male) |
| 16:21 | Create | Villager (Male) |
| 17:16 | Create | Villager (Male) |
| 17:16 | Create | Villager (Male) |
| 17:17 | Create | Villager (Male) |
| 17:17 | Create | Villager (Male) |
| 17:17 | Create | Villager (Male) |
| 17:34 | Build | Siege Workshop |
| 17:43 | Create | Villager (Male) |
| 17:44 | Create | Villager (Male) |
| 18:04 | Build | Town Center |
| 18:11 | Create | Villager (Male) |
| 18:12 | Create | Villager (Male) |
| 19:07 | Build | Town Center |
| 19:31 | Create | Villager (Male) |
| 19:31 | Create | Villager (Male) |
| 19:32 | Create | Villager (Male) |
| 19:32 | Create | Villager (Male) |
| 19:43 | Create | Villager (Male) |
| 19:43 | Create | Villager (Male) |
| 19:43 | Create | Villager (Male) |
| 19:43 | Create | Villager (Male) |
| 19:43 | Create | Villager (Male) |
| 19:44 | Create | Villager (Male) |
| 19:46 | Create | Villager (Male) |
| 19:46 | Create | Villager (Male) |
| 19:47 | Create | Mangonel |
| 20:10 | Create | Villager (Male) |
| 20:10 | Create | Villager (Male) |
| 20:16 | Create | Villager (Male) |
| 20:17 | Create | Villager (Male) |
| 20:22 | Create | Villager (Male) |
| 20:23 | Create | Villager (Male) |
| 20:23 | Create | Villager (Male) |
| 20:23 | Create | Villager (Male) |
| 20:37 | Create | Mangonel |
| 20:54 | Create | Villager (Male) |
| 20:59 | Build | Farm |
| 21:00 | Build | Farm |
| 21:00 | Build | Farm |
| 21:00 | Build | Farm |
| 21:00 | Build | Farm |
| 21:00 | Build | Farm |
| 21:01 | Build | Farm |
| 21:01 | Build | Farm |
| 21:13 | Create | Mangonel |
| 21:20 | Research | Town Watch |
| 21:28 | Build | Farm |
| 21:33 | Build | Farm |
| 21:35 | Create | Villager (Male) |
| 21:35 | Create | Villager (Male) |
| 21:57 | Build | Farm |
| 22:15 | Create | Villager (Male) |
| 22:15 | Create | Villager (Male) |
| 22:19 | Build | Farm |
| 22:23 | Build | Farm |
| 22:27 | Build | Farm |
| 22:30 | Build | Farm |
| 22:35 | Build | Farm |
| 22:37 | Create | Villager (Male) |
| 22:38 | Create | Villager (Male) |
| 22:38 | Create | Villager (Male) |
| 22:38 | Create | Villager (Male) |
| 22:52 | Create | Villager (Male) |
| 22:52 | Create | Villager (Male) |
Build order — Coolfool
First 150 of 273 actions detected
| 0:01 | Create | Villager (Male) |
| 0:02 | Create | Villager (Male) |
| 0:02 | Create | Villager (Male) |
| 0:03 | Build | House |
| 0:05 | Build | House |
| 0:36 | Create | Villager (Male) |
| 1:46 | Create | Villager (Male) |
| 2:12 | Create | Villager (Male) |
| 2:34 | Create | Villager (Male) |
| 2:43 | Build | Lumber Camp |
| 2:55 | Create | Villager (Male) |
| 3:14 | Create | Villager (Male) |
| 3:37 | Create | Villager (Male) |
| 3:47 | Build | House |
| 3:50 | Create | Villager (Male) |
| 4:18 | Create | Villager (Male) |
| 4:44 | Create | Villager (Male) |
| 5:22 | Create | Villager (Male) |
| 5:34 | Create | Villager (Male) |
| 5:39 | Build | House |
| 5:56 | Create | Villager (Male) |
| 6:38 | Create | Villager (Male) |
| 6:59 | Build | Mill |
| 7:01 | Create | Villager (Male) |
| 7:15 | Build | House |
| 7:28 | Create | Villager (Male) |
| 7:53 | Create | Villager (Male) |
| 8:21 | Create | Villager (Male) |
| 8:42 | Build | Lumber Camp |
| 9:09 | Create | Villager (Male) |
| 9:16 | Create | Villager (Male) |
| 9:44 | Build | Farm |
| 9:45 | Build | Farm |
| 9:48 | Build | Farm |
| 9:56 | Create | Villager (Male) |
| 10:06 | Build | Farm |
| 10:23 | Build | Mining Camp |
| 10:26 | Create | Villager (Male) |
| 10:32 | Build | Farm |
| 10:40 | Research | Feudal Age |
| 12:17 | Build | Outpost |
| 12:52 | Build | Outpost |
| 12:54 | Create | Villager (Male) |
| 12:56 | Create | Villager (Male) |
| 13:00 | Build | House |
| 13:01 | Age | Feudal Age |
| 13:32 | Create | Villager (Male) |
| 13:43 | Research | Double-Bit Axe |
| 14:03 | Build | Market |
| 14:09 | Build | Blacksmith |
| 14:16 | Create | Villager (Male) |
| 14:24 | Research | Horse Collar |
| 14:41 | Create | Villager (Male) |
| 14:52 | Build | House |
| 15:05 | Research | Loom |
| 15:24 | Research | Castle Age |
| 15:36 | Build | House |
| 15:53 | Build | Barracks |
| 16:02 | Build | Farm |
| 16:04 | Build | Farm |
| 16:05 | Build | Farm |
| 16:07 | Build | Farm |
| 16:12 | Build | Farm |
| 17:08 | Build | Farm |
| 17:09 | Build | Farm |
| 17:10 | Build | Farm |
| 17:40 | Build | Farm |
| 18:00 | Research | Gold Mining |
| 18:13 | Age | Castle Age |
| 18:21 | Build | Monastery |
| 18:26 | Build | University |
| 18:30 | Create | Villager (Male) |
| 18:30 | Create | Villager (Male) |
| 19:23 | Research | Imperial Age |
| 20:17 | Research | Bow Saw |
| 20:53 | Build | Town Center |
| 22:32 | Create | Villager (Male) |
| 22:33 | Create | Villager (Male) |
| 22:33 | Create | Villager (Male) |
| 22:33 | Age | Imperial Age |
| 22:41 | Research | Stone Mining |
| 23:33 | Build | Town Center |
| 23:36 | Create | Villager (Male) |
| 23:40 | Create | Villager (Male) |
| 23:40 | Create | Villager (Male) |
| 23:45 | Research | Two-Man Saw |
| 23:55 | Create | Villager (Male) |
| 24:14 | Create | Villager (Male) |
| 24:43 | Create | Villager (Male) |
| 24:43 | Create | Villager (Male) |
| 24:54 | Build | Farm |
| 24:55 | Build | Farm |
| 24:57 | Build | Farm |
| 25:00 | Create | Villager (Male) |
| 25:00 | Create | Villager (Male) |
| 25:01 | Create | Villager (Male) |
| 25:03 | Create | Villager (Male) |
| 25:03 | Create | Villager (Male) |
| 25:03 | Create | Villager (Male) |
| 25:07 | Build | Farm |
| 25:08 | Build | Farm |
| 25:09 | Build | Farm |
| 25:12 | Create | Villager (Male) |
| 25:13 | Create | Villager (Male) |
| 25:18 | Create | Villager (Male) |
| 25:18 | Create | Villager (Male) |
| 25:31 | Create | Villager (Male) |
| 25:35 | Create | Monk |
| 25:49 | Build | House |
| 25:49 | Build | House |
| 25:49 | Build | House |
| 25:50 | Build | House |
| 25:50 | Build | House |
| 25:51 | Build | House |
| 25:51 | Build | House |
| 25:51 | Build | House |
| 25:52 | Build | House |
| 25:52 | Build | House |
| 25:52 | Build | House |
| 25:52 | Build | House |
| 25:53 | Build | House |
| 25:53 | Build | House |
| 25:53 | Build | House |
| 25:54 | Build | House |
| 25:59 | Create | Villager (Male) |
| 26:00 | Create | Villager (Male) |
| 26:00 | Create | Villager (Male) |
| 26:01 | Create | Villager (Male) |
| 26:02 | Create | Villager (Male) |
| 26:03 | Create | Villager (Male) |
| 26:03 | Create | Villager (Male) |
| 26:04 | Create | Villager (Male) |
| 26:33 | Research | Wheelbarrow |
| 26:57 | Research | Chemistry |
| 27:01 | Research | Fletching |
| 27:45 | Create | Villager (Male) |
| 27:47 | Create | Villager (Male) |
| 27:47 | Create | Villager (Male) |
| 27:50 | Create | Villager (Male) |
| 27:59 | Research | Hand Cart |
| 28:05 | Create | Villager (Male) |
| 28:14 | Build | Lumber Camp |
| 28:21 | Build | Farm |
| 28:22 | Build | Farm |
| 28:26 | Build | Farm |
| 28:29 | Build | Farm |
| 28:30 | Create | Villager (Male) |
| 28:30 | Create | Villager (Male) |
| 28:52 | Build | Castle |
| 29:04 | Build | Siege Workshop |
Build order — J-Dizzle
First 150 of 272 actions detected
| 0:03 | Build | House |
| 0:05 | Create | Villager (Male) ×4 |
| 0:29 | Build | House |
| 0:31 | Build | House |
| 1:30 | Create | Villager (Male) |
| 1:30 | Create | Villager (Male) |
| 2:12 | Create | Villager (Male) |
| 2:32 | Create | Villager (Male) |
| 3:00 | Create | Villager (Male) |
| 3:19 | Create | Villager (Male) |
| 3:19 | Create | Villager (Male) |
| 3:46 | Create | Villager (Male) |
| 4:22 | Create | Villager (Male) |
| 4:23 | Create | Villager (Male) |
| 4:36 | Build | Lumber Camp |
| 4:40 | Research | Loom |
| 4:49 | Create | Villager (Male) |
| 5:23 | Create | Villager (Male) |
| 5:23 | Create | Villager (Male) |
| 5:42 | Create | Villager (Male) |
| 5:42 | Create | Villager (Male) |
| 5:42 | Create | Villager (Male) |
| 5:42 | Create | Villager (Male) |
| 5:59 | Create | Villager (Male) |
| 5:59 | Create | Villager (Male) |
| 7:22 | Build | House |
| 7:25 | Build | House |
| 7:27 | Build | House |
| 7:28 | Build | House |
| 7:35 | Create | Villager (Male) |
| 7:35 | Create | Villager (Male) |
| 8:14 | Build | Mill |
| 8:30 | Create | Villager (Male) |
| 8:53 | Create | Villager (Male) |
| 9:22 | Research | Feudal Age |
| 9:23 | Research | Feudal Age |
| 11:26 | Create | Villager (Male) |
| 11:26 | Create | Villager (Male) |
| 11:26 | Create | Villager (Male) |
| 11:27 | Create | Villager (Male) |
| 11:32 | Age | Feudal Age |
| 11:39 | Build | Town Center |
| 11:51 | Research | Horse Collar |
| 11:59 | Create | Villager (Male) |
| 11:59 | Create | Villager (Male) |
| 12:00 | Create | Villager (Male) |
| 12:48 | Research | Double-Bit Axe |
| 13:06 | Build | Farm |
| 13:09 | Build | Farm |
| 13:17 | Build | Farm |
| 13:33 | Build | Farm |
| 13:42 | Build | Farm |
| 13:49 | Create | Villager (Male) ×3 |
| 14:05 | Build | Farm |
| 14:11 | Build | Farm |
| 14:19 | Build | Farm |
| 14:24 | Create | Villager (Male) |
| 14:31 | Build | Farm |
| 14:41 | Build | Farm |
| 14:47 | Create | Villager (Male) |
| 14:56 | Build | Farm |
| 14:59 | Build | House |
| 15:00 | Build | House |
| 15:07 | Build | Farm |
| 15:10 | Create | Villager (Male) |
| 15:20 | Create | Villager (Male) |
| 15:24 | Build | Farm |
| 15:29 | Create | Villager (Male) |
| 15:29 | Create | Villager (Male) |
| 15:47 | Build | Farm |
| 15:53 | Build | Farm |
| 16:01 | Create | Villager (Male) |
| 16:03 | Create | Villager (Male) |
| 16:16 | Build | Farm |
| 16:27 | Build | Blacksmith |
| 16:33 | Build | Market |
| 16:35 | Build | Farm |
| 16:38 | Create | Villager (Male) |
| 16:38 | Create | Villager (Male) |
| 16:40 | Create | Villager (Male) |
| 16:57 | Build | Farm |
| 17:08 | Create | Villager (Male) |
| 17:08 | Create | Villager (Male) |
| 17:11 | Build | Farm |
| 17:16 | Build | Farm |
| 17:31 | Create | Villager (Male) |
| 17:31 | Create | Villager (Male) |
| 17:33 | Create | Villager (Male) |
| 17:34 | Create | Villager (Male) |
| 17:39 | Build | Mill |
| 17:53 | Build | Mining Camp |
| 18:10 | Create | Villager (Male) ×5 |
| 18:15 | Build | Farm |
| 18:21 | Build | Farm |
| 18:32 | Build | Farm |
| 18:36 | Build | Farm |
| 18:41 | Build | Farm |
| 18:57 | Research | Wheelbarrow |
| 18:59 | Research | Town Watch |
| 19:05 | Build | Farm |
| 19:24 | Build | Barracks |
| 19:30 | Create | Villager (Male) |
| 19:32 | Create | Villager (Male) |
| 19:38 | Build | Farm |
| 19:40 | Build | Farm |
| 19:52 | Build | House |
| 19:54 | Build | House |
| 19:55 | Build | House |
| 20:05 | Build | House |
| 20:06 | Build | House |
| 20:08 | Build | House |
| 20:12 | Research | Forging |
| 20:12 | Research | Scale Mail Armor |
| 20:19 | Research | Scale Barding Armor |
| 20:22 | Research | Fletching |
| 20:27 | Build | Farm |
| 20:41 | Build | Stable |
| 20:43 | Build | Stable |
| 20:58 | Build | Farm |
| 21:02 | Build | House |
| 21:03 | Build | House |
| 21:04 | Build | House |
| 21:06 | Build | House |
| 21:07 | Build | House |
| 21:15 | Create | Villager (Male) ×5 |
| 21:21 | Create | Villager (Male) |
| 21:22 | Create | Villager (Male) |
| 21:34 | Research | Stone Mining |
| 21:42 | Build | Farm |
| 21:55 | Build | Stable |
| 21:56 | Research | Bloodlines |
| 22:10 | Research | Castle Age |
| 22:47 | Create | Villager (Male) ×5 |
| 23:00 | Create | Scout Cavalry ×4 |
| 23:01 | Create | Scout Cavalry ×4 |
| 23:09 | Build | Farm |
| 23:15 | Build | House |
| 23:16 | Build | House |
| 23:17 | Build | House |
| 23:18 | Build | House |
| 23:18 | Build | House |
| 23:20 | Build | House |
| 23:33 | Build | Stable |
| 23:47 | Build | Stable |
| 23:53 | Build | Stable |
| 24:43 | Create | Villager (Male) ×5 |
| 24:53 | Build | Mining Camp |
| 25:08 | Age | Castle Age |
| 25:18 | Research | Hand Cart |
| 25:19 | Create | Villager (Male) |
Build order — blacar
First 150 of 278 actions detected
| 0:04 | Build | House |
| 0:06 | Build | House |
| 0:07 | Create | Villager (Male) |
| 0:07 | Create | Villager (Male) |
| 0:07 | Create | Villager (Male) |
| 0:08 | Create | Villager (Male) |
| 1:33 | Create | Villager (Male) |
| 2:04 | Create | Villager (Male) |
| 2:16 | Build | House |
| 2:18 | Build | House |
| 2:23 | Build | Lumber Camp |
| 2:30 | Create | Villager (Male) |
| 2:54 | Create | Villager (Male) |
| 3:14 | Create | Villager (Male) |
| 3:36 | Create | Villager (Male) |
| 3:37 | Create | Villager (Male) |
| 4:08 | Create | Villager (Male) |
| 4:09 | Create | Villager (Male) |
| 4:40 | Create | Villager (Male) |
| 4:41 | Create | Villager (Male) |
| 4:41 | Create | Villager (Male) |
| 5:42 | Create | Villager (Male) |
| 5:42 | Create | Villager (Male) |
| 6:06 | Build | Mill |
| 6:22 | Create | Villager (Male) |
| 6:23 | Create | Villager (Male) |
| 7:14 | Create | Villager (Male) |
| 8:11 | Research | Feudal Age |
| 8:12 | Research | Feudal Age |
| 8:53 | Build | Mining Camp |
| 9:08 | Build | House |
| 9:13 | Build | House |
| 9:15 | Build | House |
| 9:17 | Build | House |
| 9:18 | Build | House |
| 9:21 | Build | House |
| 9:51 | Build | Barracks |
| 10:21 | Age | Feudal Age |
| 10:30 | Create | Villager (Male) |
| 10:42 | Create | Villager (Male) |
| 10:43 | Create | Villager (Male) |
| 10:53 | Build | Market |
| 11:11 | Create | Villager (Male) |
| 11:18 | Build | Blacksmith |
| 11:39 | Research | Double-Bit Axe |
| 11:55 | Create | Villager (Male) |
| 12:24 | Create | Villager (Male) |
| 12:46 | Create | Villager (Male) |
| 12:52 | Build | Farm |
| 12:54 | Build | Farm |
| 12:56 | Build | Farm |
| 13:28 | Build | House |
| 13:30 | Build | House |
| 13:32 | Build | House |
| 13:33 | Build | House |
| 14:20 | Research | Castle Age |
| 14:25 | Build | Farm |
| 14:27 | Build | Farm |
| 14:32 | Build | Farm |
| 14:45 | Research | Horse Collar |
| 14:49 | Build | Farm |
| 14:55 | Build | Farm |
| 15:27 | Build | Farm |
| 15:34 | Build | Farm |
| 16:19 | Research | Gold Mining |
| 16:22 | Research | Stone Mining |
| 16:49 | Create | Villager (Male) |
| 16:49 | Create | Villager (Male) |
| 17:00 | Age | Castle Age |
| 17:08 | Build | Town Center |
| 17:39 | Build | Town Center |
| 17:47 | Create | Villager (Male) |
| 17:47 | Create | Villager (Male) |
| 17:50 | Build | Farm |
| 17:52 | Build | Farm |
| 17:55 | Build | Farm |
| 18:05 | Build | Farm |
| 18:18 | Research | Bow Saw |
| 18:34 | Create | Villager (Male) |
| 18:40 | Build | Farm |
| 19:06 | Build | Siege Workshop |
| 19:17 | Create | Villager (Male) |
| 19:18 | Create | Villager (Male) |
| 19:28 | Create | Villager (Male) |
| 19:29 | Create | Villager (Male) |
| 19:39 | Build | Lumber Camp |
| 19:49 | Create | Villager (Male) |
| 19:50 | Create | Villager (Male) |
| 19:55 | Build | Farm |
| 20:10 | Build | Farm |
| 20:20 | Create | Villager (Male) |
| 20:20 | Create | Villager (Male) |
| 20:30 | Build | Farm |
| 20:48 | Create | Villager (Male) |
| 20:48 | Create | Villager (Male) |
| 21:05 | Build | Siege Workshop |
| 21:28 | Create | Villager (Male) |
| 21:30 | Create | Villager (Male) |
| 21:44 | Build | Farm |
| 21:53 | Build | Farm |
| 21:57 | Build | Farm |
| 22:11 | Build | Siege Workshop |
| 22:29 | Create | Scorpion |
| 22:29 | Create | Scorpion |
| 22:41 | Create | Villager (Male) |
| 22:42 | Create | Villager (Male) |
| 22:53 | Research | Fletching |
| 23:08 | Build | University |
| 23:14 | Create | Scorpion |
| 23:14 | Create | Scorpion |
| 23:25 | Research | Bodkin Arrow |
| 23:52 | Build | Castle |
| 24:17 | Create | Scorpion |
| 24:18 | Create | Scorpion |
| 24:18 | Create | Scorpion |
| 24:19 | Create | Scorpion |
| 24:36 | Research | Ballistics |
| 25:13 | Build | Farm |
| 25:16 | Build | Farm |
| 25:23 | Build | Farm |
| 25:25 | Build | Farm |
| 25:27 | Build | Farm |
| 25:29 | Build | Farm |
| 25:32 | Build | Farm |
| 25:34 | Create | Villager (Male) |
| 25:34 | Create | Villager (Male) |
| 25:39 | Create | Villager (Male) |
| 25:39 | Create | Villager (Male) |
| 25:39 | Create | Villager (Male) |
| 25:40 | Create | Villager (Male) |
| 25:44 | Build | House |
| 25:46 | Build | House |
| 25:49 | Build | House |
| 25:51 | Build | House |
| 25:56 | Build | House |
| 26:07 | Create | Scorpion |
| 26:07 | Create | Scorpion |
| 26:07 | Create | Scorpion |
| 26:21 | Research | Forging |
| 26:23 | Research | Padded Archer Armor |
| 26:35 | Create | Spearman |
| 26:35 | Create | Spearman |
| 26:35 | Create | Spearman |
| 26:36 | Create | Spearman |
| 26:36 | Create | Spearman |
| 26:37 | Create | Spearman |
| 26:37 | Create | Spearman |
| 26:37 | Create | Spearman |
| 26:38 | Create | Spearman |
| 26:38 | Create | Spearman |
Build order — Gerodrick
First 150 of 310 actions detected
| 0:01 | Create | Villager (Male) |
| 0:02 | Build | House |
| 0:05 | Build | House |
| 0:12 | Create | Villager (Male) |
| 0:12 | Create | Villager (Male) |
| 0:12 | Create | Villager (Male) |
| 0:12 | Create | Villager (Male) |
| 0:12 | Create | Villager (Male) |
| 0:12 | Create | Villager (Male) |
| 1:28 | Create | Villager (Male) |
| 1:28 | Create | Villager (Male) |
| 1:28 | Create | Villager (Male) |
| 1:28 | Create | Villager (Male) |
| 2:09 | Create | Villager (Male) |
| 2:10 | Create | Villager (Male) |
| 2:10 | Create | Villager (Male) |
| 2:14 | Build | Lumber Camp |
| 2:18 | Create | Villager (Male) |
| 2:18 | Create | Villager (Male) |
| 2:50 | Create | Villager (Male) |
| 2:50 | Create | Villager (Male) |
| 2:50 | Create | Villager (Male) |
| 3:05 | Create | Villager (Male) |
| 3:05 | Create | Villager (Male) |
| 3:05 | Create | Villager (Male) |
| 3:06 | Create | Villager (Male) |
| 3:06 | Create | Villager (Male) |
| 3:37 | Create | Villager (Male) |
| 3:37 | Create | Villager (Male) |
| 3:37 | Create | Villager (Male) |
| 3:37 | Create | Villager (Male) |
| 3:37 | Create | Villager (Male) |
| 3:37 | Create | Villager (Male) |
| 3:55 | Create | Villager (Male) |
| 3:55 | Create | Villager (Male) |
| 3:55 | Create | Villager (Male) |
| 3:55 | Create | Villager (Male) |
| 4:03 | Build | House |
| 4:04 | Build | House |
| 4:34 | Create | Villager (Male) |
| 4:34 | Create | Villager (Male) |
| 4:34 | Create | Villager (Male) |
| 4:34 | Create | Villager (Male) |
| 4:34 | Create | Villager (Male) |
| 4:34 | Create | Villager (Male) |
| 4:58 | Build | Mill |
| 5:08 | Create | Villager (Male) |
| 5:08 | Create | Villager (Male) |
| 5:08 | Create | Villager (Male) |
| 5:28 | Create | Villager (Male) |
| 5:28 | Create | Villager (Male) |
| 5:28 | Create | Villager (Male) |
| 5:28 | Create | Villager (Male) |
| 6:02 | Create | Villager (Male) |
| 6:02 | Create | Villager (Male) |
| 6:02 | Create | Villager (Male) |
| 7:00 | Create | Villager (Male) |
| 7:00 | Create | Villager (Male) |
| 7:00 | Create | Villager (Male) |
| 8:19 | Create | Villager (Male) |
| 8:19 | Create | Villager (Male) |
| 8:20 | Create | Villager (Male) |
| 8:47 | Build | Farm |
| 8:50 | Build | Mining Camp |
| 8:55 | Build | Farm |
| 9:01 | Build | Farm |
| 9:22 | Research | Feudal Age |
| 9:30 | Build | House |
| 9:32 | Build | House |
| 11:31 | Create | Villager (Male) |
| 11:32 | Age | Feudal Age |
| 11:32 | Create | Villager (Male) |
| 11:43 | Build | Market |
| 11:49 | Build | Blacksmith |
| 12:24 | Research | Castle Age |
| 12:25 | Research | Castle Age |
| 12:45 | Build | Farm |
| 12:51 | Build | Mining Camp |
| 13:00 | Build | Outpost |
| 13:23 | Research | Double-Bit Axe |
| 13:54 | Build | Outpost |
| 14:08 | Create | Villager (Male) |
| 14:09 | Create | Villager (Male) |
| 15:04 | Age | Castle Age |
| 15:29 | Build | Town Center |
| 15:31 | Create | Villager (Male) |
| 15:36 | Build | Farm |
| 15:38 | Create | Villager (Male) |
| 16:06 | Build | Farm |
| 16:08 | Research | Horse Collar |
| 16:12 | Create | Villager (Male) |
| 16:15 | Build | Farm |
| 16:19 | Build | Farm |
| 16:22 | Build | Farm |
| 16:26 | Build | Farm |
| 16:33 | Build | Farm |
| 16:35 | Build | Farm |
| 16:39 | Create | Villager (Male) |
| 17:05 | Build | Farm |
| 17:06 | Create | Villager (Male) |
| 17:07 | Create | Villager (Male) |
| 17:12 | Create | Villager (Male) |
| 17:15 | Create | Villager (Male) |
| 17:37 | Build | Farm |
| 17:40 | Create | Villager (Male) |
| 17:57 | Build | Farm |
| 18:01 | Build | Farm |
| 18:07 | Create | Villager (Male) |
| 18:11 | Create | Villager (Male) |
| 18:28 | Build | Castle |
| 18:31 | Create | Villager (Male) |
| 18:39 | Create | Villager (Male) |
| 18:52 | Build | House |
| 18:58 | Build | House |
| 19:04 | Research | Loom |
| 19:07 | Research | Wheelbarrow |
| 19:09 | Create | Villager (Male) |
| 19:09 | Create | Villager (Male) |
| 19:10 | Create | Villager (Male) |
| 19:11 | Create | Villager (Male) |
| 19:53 | Create | Villager (Male) |
| 19:55 | Create | Villager (Male) |
| 20:05 | Build | Mill |
| 20:08 | Create | Conquistador ×3 |
| 20:08 | Create | Conquistador ×3 |
| 20:08 | Create | Conquistador ×3 |
| 20:30 | Create | Villager (Male) |
| 20:40 | Create | Villager (Male) |
| 20:53 | Build | Farm |
| 20:55 | Create | Villager (Male) |
| 20:56 | Create | Villager (Male) |
| 21:14 | Build | Farm |
| 21:25 | Create | Conquistador |
| 21:26 | Create | Conquistador |
| 21:39 | Research | Padded Archer Armor |
| 21:42 | Create | Villager (Male) |
| 21:42 | Create | Villager (Male) |
| 21:50 | Build | Farm |
| 21:54 | Create | Villager (Male) |
| 22:06 | Create | Conquistador |
| 22:29 | Create | Villager (Male) |
| 22:29 | Create | Villager (Male) |
| 22:32 | Build | Farm |
| 22:33 | Build | Farm |
| 22:34 | Create | Villager (Male) |
| 22:42 | Create | Conquistador |
| 22:42 | Create | Conquistador |
| 22:44 | Create | Villager (Male) |
| 22:45 | Create | Villager (Male) |
| 22:50 | Create | Villager (Male) |
Match timeline
| 9:40 | Brainface · first_building Barracks |
| 9:51 | blacar · first_building Barracks |
| 10:21 | blacar · age_up feudal |
| 11:27 | Brainface · age_up feudal |
| 11:31 | Brainface · first_building Stable |
| 11:32 | Gerodrick · age_up feudal |
| 11:32 | J-Dizzle · age_up feudal |
| 13:01 | Coolfool · age_up feudal |
| 13:07 | blacar · first_market_buy 100 food |
| 14:56 | Gatoman#9478 · first_building Barracks |
| 15:04 | Gerodrick · age_up castle |
| 15:53 | Coolfool · first_building Barracks |
| 16:38 | Coolfool · first_market_sell 100 wood |
| 17:00 | blacar · age_up castle |
| 17:34 | Gatoman#9478 · first_building Siege Workshop |
| 18:13 | Coolfool · age_up castle |
| 18:21 | Coolfool · first_building Monastery |
| 18:28 | Gerodrick · first_building Castle |
| 19:06 | blacar · first_building Siege Workshop |
| 19:07 | Brainface · age_up castle |
| 19:16 | Coolfool · first_market_buy 100 food |
| 19:24 | Brainface · first_building Siege Workshop |
| 19:24 | J-Dizzle · first_building Barracks |
| 20:04 | Brainface · first_building Monastery |
| 20:41 | J-Dizzle · first_building Stable |
| 22:33 | Coolfool · age_up imperial |
| 23:41 | blacar · first_market_sell 100 food |
| 23:52 | blacar · first_building Castle |
| 24:08 | Gatoman#9478 · first_building Monastery |
| 25:08 | J-Dizzle · age_up castle |
| 25:11 | Gerodrick · first_building Barracks |
| 25:25 | J-Dizzle · first_building Monastery |
| 26:58 | Gerodrick · first_building Stable |
| 27:05 | J-Dizzle · first_building Castle |
| 28:22 | Brainface · first_building Castle |
| 28:52 | Coolfool · first_building Castle |
| 29:04 | Coolfool · first_building Siege Workshop |
| 29:07 | Gerodrick · first_market_buy 100 wood |
| 29:42 | blacar · wall_segment Stone Wall x1 |
| 29:46 | J-Dizzle · first_market_buy 100 wood |
| 29:50 | Gerodrick · age_up imperial |
| 31:15 | Gatoman#9478 · first_building Castle |
| 31:43 | J-Dizzle · age_up imperial |
| 32:51 | Brainface · first_market_buy 100 food |
| 33:23 | blacar · age_up imperial |
| 36:05 | Brainface · age_up imperial |
| 36:08 | Brainface · first_market_sell 100 wood |
| 38:15 | Gerodrick · first_building Siege Workshop |
| 42:31 | Gatoman#9478 · resign |
| 42:46 | Gerodrick · first_market_sell 100 food |
[ AI ANALYSIS · 1 CREDIT ]
What really happened in this match?
Wolo.gg analyzes every decision: build order, eco, micro, common mistakes by bracket. Personalized analysis on WhatsApp or Discord in 30 seconds.
Civ guide
Gurjaras
Perfil
Brainface